 Dungeon Crawl Stone Soup version 0.30-a0-165-g1891117ce2 (webtiles) character file.

Game seed: 18369766075633547106

2758 ragingrage the Zephyrmancer (level 9, -1/45 HPs)
             Began as a Tengu Air Elementalist on Sept 29, 2022.
             Was a Follower of Vehumet.
             Slain by a steam dragon (5 damage)
             ... on level 8 of the Dungeon.
             The game lasted 00:09:20 (10058 turns).

ragingrage the Zephyrmancer (TeAE)                 Turns: 10058, Time: 00:09:21

Health: -1/45      AC:  4    Str: 12 (14) XL:     9   Next: 69%
Magic:  13/17      EV: 14    Int: 17 (20) God:    Vehumet [*.....]
Gold:   197        SH:  3    Dex: 12 (15) Spells: 6/18 levels left

rFire   + . .      SeeInvis .    D - +2 dagger (venom)
rCold   + . .      Faith    .    j - +0 buckler
rNeg    + . .      Spirit   .    B - +2 robe {Will+}
rPois   +          Reflect  .    (helmet restricted)
rElec   +          Harm     .    (no cloak)
rCorr   +          Rampage  .    (no gloves)
Will    +....                    (boots unavailable)
Stlth   ++........               (no amulet)
HPRegen 0.15/turn                u - +6 ring of strength
MPRegen 0.15/turn                G - ring of positive energy

@: resistant, flying quickly and evasively, invisible, quick
A: beak, talons 3, nimble flight
a: Renounce Religion


You were on level 8 of the Dungeon.
You worshipped Vehumet.
Vehumet was aware of your devotion.
You visited 2 branches of the dungeon, and saw 9 of its levels.

You collected 467 gold pieces.
You spent 270 gold pieces at shops.

Inventory:

Hand Weapons
 g - a +0 rapier
 r - a +1 war axe of electrocution
 z - a +0 spear of venom
 D - a +2 dagger of venom (weapon)
Missiles
 a - a throwing net
 o - 3 poisoned darts
Armour
 j - a +0 buckler (worn)
 B - a +2 robe of willpower (worn)
Jewellery
 u - a +6 ring of strength (left hand)
 G - a ring of positive energy (right hand)
Scrolls
 e - 3 scrolls of poison {unknown}
 f - a scroll of enchant weapon {unknown}
 h - a scroll of butterflies {unknown}
 l - 2 scrolls of enchant armour {unknown}
 m - a scroll of noise {unknown}
 p - 2 scrolls of blinking {unknown}
 s - a scroll of magic mapping {unknown}
 t - 5 scrolls of identify {unknown}
 v - 4 scrolls of teleportation {unknown}
 w - 3 scrolls of brand weapon {unknown}
 y - a scroll of vulnerability {unknown}
 C - a scroll of silence {unknown}
 F - a scroll of fear {unknown}
Potions
 b - a potion of magic
 c - 5 potions of curing
 i - 3 potions of degeneration
 n - a potion of cancellation {unknown}
 q - a potion of resistance
 x - a potion of brilliance {unknown}
 A - a potion of mutation {unknown}
 E - 3 potions of attraction {unknown}
 H - 2 potions of haste {unknown}


   Skills:
 - Level 2.1 Dodging
 - Level 2.0 Stealth
 - Level 5.0 Spellcasting
 + Level 11.0 Conjurations
 + Level 11.7 Air Magic
 + Level 0.0 Poison Magic


You had 6 spell levels left.
You knew the following spells:

 Your Spells              Type           Power      Damage    Failure   Level
a - Shock                 Conj/Air       100%       1d9       1%          1
b - Static Discharge      Conj/Air       86%        2-6/arc   1%          2
c - Poisonous Vapours     Pois/Air       48%        N/A       2%          2
d - Airstrike             Air            22%        2d(4-20)  1%          4
e - Swiftness             Air            44%        N/A       1%          3

Your spell library contained the following spells:

 Spells                   Type           Power      Damage    Failure   Level
 Freeze                   Ice            16%        1d4       19%         1
 Foxfire                  Conj/Fire      92%        2x1d8     1%          1
 Cigotuvi's Dreadful Rot  Necr/Pois/Air  34%        N/A       6%          2
 Stone Arrow              Conj/Erth      46%        3d9       6%          3
 Apportation              Tloc           8%         N/A       19%         1
 Sandblast                Erth           8%         2d5       19%         1
 Flame Wave               Conj/Fire      23%        2d8       21%         4
 Sticky Flame             Conj/Fire      23%        2d4       21%         4
 Ensorcelled Hibernation  Hex/Ice        8%         N/A       28%         2
 Passwall                 Tmut/Erth      3%         N/A       28%         2
 Gell's Gravitas          Tloc           4%         N/A       50%         3
 Inner Flame              Hex/Fire       4%         N/A       50%         3
 Lesser Beckoning         Tloc           4%         N/A       50%         3
 Teleport Other           Tloc           4%         N/A       50%         3
 Olgreb's Toxic Radiance  Pois           4%         N/A       88%         4
 Alistair's Intoxication  Tmut/Pois      2%         N/A       99%         5
 Ozocubu's Refrigeration  Ice            2%         4d7       100%        7
 Ignition                 Fire           2%         3d3       100%        8


Dungeon Overview and Level Annotations

Branches:
Dungeon (8/15)             Temple (1/1) D:6
   Lair: D:8-11

Altars:
Cheibriados
Dithmenos
Elyvilon
Fedhas
Gozag
Hepliaklqana
Kikubaaqudgha
Nemelex Xobeh
Okawaru
Qazlal
Ru
Sif Muna
Trog
Uskayaw
Vehumet
Wu Jian
Xom
Yredelemnul

Shops:
D:7 [

Annotations:
D:7 exclusion: 2 downstairs


Innate Abilities, Weirdness & Mutations

You have a beak for a mouth.
You have claws for feet.
Your magical nature lets you fly swiftly and evasively.


Message History

Aiming: Poisonous Vapours (safe; 2% risk of failure)
Press: ? - help, Dir - move target, f/p - steam dragon
Aim: a steam dragon (steam, lightly wounded, wandering, extremely poisoned, hasn't noticed you)
Okay, then.
Unknown command.
Unknown command.
Casting: Poisonous Vapours (safe; 2% risk of failure)
Confirm with . or Enter, or press ? or * to list all spells.
Aiming: Shock (safe; 1% risk of failure)
Press: ? - help, Shift-Dir - straight line, f/p - steam dragon
Aim: a steam dragon (steam, lightly wounded, wandering, extremely poisoned, hasn't noticed you, 74% to hit)
The zap hits the steam dragon but does no damage.
The steam dragon is lightly wounded.
The steam dragon breathes steam at you. The ball of steam misses you.
Casting: Shock (safe; 1% risk of failure)
Confirm with . or Enter, or press ? or * to list all spells.
You can't see any susceptible monsters within range! (Use Z to cast anyway.) Unknown command.
It was a potion of heal wounds.
You feel much better.
You are engulfed in a cloud of scalding steam.
It was a potion of degeneration.
There was something very wrong with that liquid.
You feel weakened.
You feel dopey.
You feel clumsy.
You are engulfed in a cloud of scalding steam.
The steam dragon breathes steam at you. The ball of steam hits you!!
* * * LOW HITPOINT WARNING * * *
It was a potion of resistance.
You feel protected.
Casting: Shock (safe; 1% risk of failure)
Confirm with . or Enter, or press ? or * to list all spells.
Aiming: Shock (safe; 1% risk of failure)
Press: ? - help, Shift-Dir - straight line, f/p - steam dragon
Aim: a steam dragon (steam, moderately wounded, very poisoned, 74% to hit)
Okay, then.
It was a potion of invisibility.
You fade into invisibility!
The steam dragon bites you.
You die...

### ##..§# #.##
#.<.# ##.###..§#
#######
##.##..§###.....#
##.....#...####.#
#.#####.#### #.#
### #<# #.# #D##
#.# ##@# ### ###


You could see a steam dragon (unable to see you, very poisoned).

Vanquished Creatures
  A manticore (D:8)
  3 water moccasins
  2 black bears (D:7)
  2 sky beasts
  2 phantoms
  2 bullfrogs
  Blork the orc (D:4)
  2 necrophages
  A wyvern zombie (D:7)
  A water moccasin zombie (D:7)
  A wight (D:7)
  A killer bee (D:7)
  2 howler monkeys
  A human zombie (D:7)
  2 centaur zombies (D:7)
  An orc priest (D:6)
  3 hounds (D:7)
  2 jellies
  4 iguanas
  5 orc wizards
  A killer bee zombie (D:7)
  4 mummies (D:7)
  A gnoll (D:8)
  7 adders
  A white imp (D:7)
  2 ufetubi
  A worm (D:5)
  20 orcs
  5 ball pythons
  4 bats
  7 endoplasms
  2 giant cockroaches
  7 goblins
  7 hobgoblins
  9 jackals
  3 quokkas
  3 frilled lizards
  11 kobolds
  22 rats
156 creatures vanquished.

Vanquished Creatures (collateral kills)
  4 killer bees (D:7)
4 creatures vanquished.

Vanquished Creatures (others)
  A scorpion (D:4)
  An orc (D:4)
  A giant cockroach (D:4)
  A fungus (D:1)
  A plant (D:1)
5 creatures vanquished.

Grand Total: 165 creatures vanquished

Notes
Turn   | Place    | Note
-------+----------+-------------------------------------------
     0 | D:1      | ragingrage the Tengu Air Elementalist began the quest for
                  | the Orb.
     0 | D:1      | Reached XP level 1. HP: 10/10 MP: 4/4
   134 | D:1      | Reached XP level 2. HP: 13/15 MP: 1/6
   185 | D:1      | Learned a level 2 spell: Static Discharge
   341 | D:1      | Found a faded altar of an unknown god.
   898 | D:1      | Reached XP level 3. HP: 19/19 MP: 1/7
  1925 | D:2      | Found a shimmering blue altar of Sif Muna.
  2105 | D:2      | Reached XP level 4. HP: 21/24 MP: 0/9
  2111 | D:2      | Learned a level 3 spell: Swiftness
  2325 | D:2      | Reached skill level 5 in Air Magic
  3453 | D:4      | Gained mutation: Your magical nature lets you fly swiftly
                  | and evasively. [Tengu growth]
  3453 | D:4      | Reached XP level 5. HP: 28/28 MP: 5/10
  3678 | D:4      | Noticed a phantom
  3711 | D:4      | Killed a phantom
  3901 | D:4      | Reached XP level 6. HP: 32/32 MP: 6/12
  3942 | D:4      | Noticed Blork the orc
  3946 | D:4      | Killed Blork the orc
  4171 | D:4      | Found a shimmering altar of Xom.
  4176 | D:4      | Reached skill level 5 in Conjurations
  4485 | D:5      | Entered Level 5 of the Dungeon
  4680 | D:5      | Reached XP level 7. HP: 29/36 MP: 10/14
  4941 | D:5      | Learned a level 4 spell: Airstrike
  5864 | D:6      | Found a staircase to the Ecumenical Temple.
  5874 | Temple   | Entered the Ecumenical Temple
  6023 | Temple   | Became a worshipper of Vehumet
  6086 | D:6      | Reached XP level 8. HP: 23/41 MP: 7/16
  6286 | D:6      | Reached skill level 5 in Spellcasting
  7269 | D:7      | Learned a level 2 spell: Poisonous Vapours
  7431 | D:7      | Found Wucs's Antique Armour Shoppe.
  8242 | D:7      | Reached skill level 10 in Air Magic
  8242 | D:7      | Reached XP level 9. HP: 34/45 MP: 11/17
  8244 | D:7      | Reached * piety under Vehumet
  8244 | D:7      | Offered knowledge of Freeze by Vehumet.
  8370 | D:7      | Bought a jewelled ring mail for 270 gold pieces
  8370 | D:7      | Identified the +0 ring mail "Raarph" {Rampage MP+9 Int-3}
                  | (You bought it in a shop on level 7 of the Dungeon)
  8686 | D:7      | Found an ancient bone altar of Kikubaaqudgha.
  8755 | D:7      | Reached skill level 10 in Conjurations
  9533 | D:8      | Noticed a manticore
  9558 | D:8      | Killed a manticore
  9761 | D:8      | Noticed a purple ugly thing
  9761 | D:8      | Noticed a centaur warrior
  9761 | D:8      | Noticed a deep elf pyromancer
 10058 | D:8      | Slain by a steam dragon

Illustrated notes

Levels and vault maps discovered:
D:1:      onia_arrival_pyramid, layout_loops_ring,
          shapermc_ecumenical_altar_mp_urbaneastern, dreamdust_mushroom_princess
D:2:      layout_basic, basic_altar, minmay_rat_hole
D:3:      layout_basic
D:4:      layout_basic, xom_confusion_cloud, uniq_blork_the_orc
D:5:      layout_rooms
D:6:      layout_loops_ring, minmay_temple_entry_stoned_glass
D:7:      layout_basic, lemuel_mausoleum_altar_kikubaaqudgha, serial_shops,
          shop, grunt_ministairs_11
D:8:      layout_layer_cave, grunt_temple_overflow_order_and_chaos_2,
          kennysheep_minor_cross, minmay_radiant
Temple:   nicolae_temple_elliptical

Skill      XL: |  1  2  3  4  5  6  7  8  9 |
---------------+----------------------------+-----
Conjurations   | 2 3 4 5 6 9 11 | 11.0
Air Magic      | 5 6 7 10 11 | 11.7
Spellcasting   | 3 4 5 |  5.0
Dodging        | |  2.1
Stealth        | |  2.0

Action                   |  1- 3 |  4- 6 |  7- 9 || total
-------------------------+-------+-------+-------++-------
Melee: Rapier            |     8 |       |       ||     8
       Peck              |     3 |     1 |     1 ||     5
       Kick              |     1 |     1 |     5 ||     7
       War axe           |       |     1 |       ||     1
       Spear             |       |    10 |       ||    10
       Dagger            |       |       |    19 ||    19
 Cast: Shock             |   101 |   109 |   175 ||   385
       Static Discharge  |       |     4 |     9 ||    13
       Poisonous Vapours |       |       |    39 ||    39
       Airstrike         |       |       |     1 ||     1
  Use: Scroll            |     1 |       |     1 ||     2
       Potion            |       |       |     6 ||     6
Armor: Robe              |     7 |     2 |    17 ||    26
Dodge: Dodged            |    16 |    12 |    67 ||    95
Block: Buckler           |     1 |     3 |    14 ||    18

Table legend: (Time is in decaauts)
 A = Elapsed time spent in this place.
 B = Non-inter-level travel time spent in this place.
 C = Inter-level travel time spent in this place.
 D = Time resting spent in this place.
 E = Time spent auto-exploring this place.
 F = Levels seen in this place.
 G = Mean time per level.
                   A        B        C        D        E       F      G
               +--------+--------+--------+--------+--------+-----+--------+
         Total |   9791 |   9370 |    421 |   2562 |   5593 |   9 | 1087.9 |
       Dungeon |   9625 |   9256 |    369 |   2562 |   5494 |   8 | 1203.1 |
        Temple |    165 |    113 |     52 |      0 |     99 |   1 |  165.0 |
               +--------+--------+--------+--------+--------+-----+--------+

Top non-repeatable levels by time:
     D:7: 2234 daAuts
     D:6: 1467 daAuts
     D:1: 1329 daAuts
     D:2: 1230 daAuts
     D:5: 1048 daAuts
     D:4: 1006 daAuts
     D:3: 880 daAuts
     D:8: 428 daAuts
  Temple: 165 daAuts
